 Dungeon Crawl Stone Soup version 0.26-a0-651-gb41185065b (webtiles) character file.

Game seed: 17850878182148702658

1726 Irenicus the Cleaver (level 8, -1/108 HPs)
             Began as a Deep Dwarf Berserker on Oct 1, 2020.
             Was an Elder of Trog.
             Killed by divine providence
             ... invoked by an orc priest
              (11 damage)
             ... on level 6 of the Dungeon.
             The game lasted 00:20:55 (2723 turns).

Irenicus the Cleaver (Deep Dwarf Berserker)         Turns: 2723, Time: 00:20:55

Health: -1/108     AC:  9    Str: 22    XL:     8   Next: 75%
Magic:  8/8        EV:  8    Int:  7    God:    Trog [****..]
Gold:   215        SH:  0    Dex: 14    Spells: 7/7 levels left

rFire    . . .     SeeInvis .   o - +0 war axe
rCold    . . .     Faith    .   (no shield)
rNeg     . . .     Spirit   .   c - +0 chain mail
rPois    +         Reflect  .   (no helmet)
rElec    .         Harm     .   E - +0 cloak {rPois}
rCorr    +         Rampage  .   (no gloves)
MR       +....                  (no boots)
Stlth    ..........             (no amulet)
HPRegen  0.00/turn              f - ring of resist corrosion
MPRegen  0.11/turn              (no ring)

@: berserking, non-regenerating, very quick
A: damage resistance, heal wounds, sense surroundings 1, no regeneration
a: Heal Wounds, Berserk, Trog's Hand, Brothers in Arms, Renounce Religion


You were on level 6 of the Dungeon.
You worshipped Trog.
Trog was greatly pleased with you.
You visited 2 branches of the dungeon, and saw 7 of its levels.
You also visited: Sewer and Ossuary.

You collected 215 gold pieces.

Inventory:

Hand Weapons
 o - a +0 war axe (weapon)
   (You took it off Blork the orc on level 5 of the Dungeon)
 y - a +0 battleaxe
   (You found it on level 5 of the Dungeon)
Missiles
 C - 4 boomerangs
Armour
 c - a +0 chain mail (worn)
   (You found it on level 1 of the Dungeon)
 E - a +0 cloak of poison resistance (worn)
   (You took it off Crazy Yiuf on level 3 of the Dungeon)
Jewellery
 f - a ring of resist corrosion (left hand)
   (You found it on level 1 of the Dungeon)
 i - an uncursed ring of magical power {MP+9}
   (You found it on level 2 of the Dungeon)
 p - an uncursed ring of ice {rC+, rF-}
   (You found it in an ossuary)
Wands
 k - a wand of disintegration (7)
   (You found it in a sewer)
Scrolls
 b - 12 scrolls of identify {unknown}
 e - a scroll of blinking {unknown}
 h - 7 scrolls of teleportation
 j - 3 scrolls of enchant armour {unknown}
 l - 2 scrolls of fear {unknown}
 s - a scroll of magic mapping {unknown}
 t - 2 scrolls of immolation {unknown}
 v - 3 scrolls of remove curse {unknown}
Potions
 g - 4 potions of flight
 q - a potion of invisibility {unknown}
 r - a potion of might {unknown}
 u - a potion of resistance {unknown}
 w - a potion of stabbing {unknown}
 x - a potion of curing
 z - a potion of mutation {unknown}
 A - a potion of magic {unknown}
 B - 2 potions of heal wounds {unknown}
 D - a potion of lignification {unknown}


   Skills:
 - Level 4.1 Fighting
 + Level 10.9(11.0) Axes
   Level 2.0(6.6) Maces & Flails
 - Level 2.1 Armour
 - Level 2.1 Dodging
 - Level 5.3 Evocations


You had 7 spell levels left.
You didn't know any spells.
Your spell library was empty.

Dungeon Overview and Level Annotations

Branches:
Dungeon (6/15)             Temple (1/1) D:5           Sewer (visited)
Ossuary (visited)

Altars:
Cheibriados
Dithmenos
Elyvilon
Fedhas
Hepliaklqana
Kikubaaqudgha
Okawaru
Trog
Uskayaw
Zin
The Shining One

Shops:
D:4 :


Innate Abilities, Weirdness & Mutations

You are resistant to damage.
You can heal yourself by infusing magical energy.
You passively map a small area around you.
You do not regenerate.


Message History

You now have 37/72 hp.
You regained 2 hp, and now have 39/72 hp.
Your skin stops crawling.
You feel less resistant to hostile enchantments.
You see here 20 arrows.
You open the door.
A shadow imp comes into view.
The shadow imp gestures at you. Pain shoots through your body!
You take 10 damage, and have 30/72 hp.
The shadow imp hits you.
There is an open door here.
You take 3 damage, and have 27/72 hp.
You hit the shadow imp.
The shadow imp is moderately wounded.
The shadow imp hits you. The shadow imp barely misses you.
You hit the shadow imp.
The shadow imp is severely wounded.
The shadow imp barely misses you.
Your chain mail prevents you from hitting the shadow imp.
The shadow imp is severely wounded.
The shadow imp hits you but does no damage.
Your chain mail prevents you from hitting the shadow imp.
The shadow imp is severely wounded.
The shadow imp lashes its tail.
The shadow imp hits you but does no damage. x2
You slice the shadow imp!!
You kill the shadow imp!
Trog accepts your kill.
b - 12 scrolls labeled XUILOI DUCOC (gained 1)
A giant cockroach comes into view.
You closely miss the giant cockroach.
The giant cockroach bites you but does no damage. x2
You slice the giant cockroach!!
You kill the giant cockroach!
Trog accepts your kill.
You feel yourself speed up.
You recover from your berserk rage.
You open the door.
A hound comes into view.
The hound barks!
Found a stone staircase leading down.
There is an open door here.
The hound bites you but does no damage.
You hit the hound.
The hound is moderately wounded.
The hound bites you. The hound closely misses you.
You closely miss the hound.
The hound is moderately wounded.
The hound closely misses you.
You completely miss the hound.
The hound is moderately wounded.
The hound bites you but does no damage. x2
You slash the hound!
The hound is almost dead.
The hound bites you but does no damage.
You slash the hound!
You kill the hound!
Trog accepts your kill.
There is a stone staircase leading down here.
You open the door.
There is an open door here.
You open the door.
There is an open door here.
There is a stone staircase leading down here.
You climb downwards. 2 orcs and 2 orc priests come into view.
An orc is wielding a +1 mace of protection.
The orc priest shouts!
The orc shouts! x2; You hear a shout! x4
You hear a bark!
There is a stone staircase leading up here.
You barely miss the orc.
You hear a shout!
The orc priest calls down the wrath of Beogh upon you.
Beogh smites you!
* * * LOW HITPOINT WARNING * * *
The orc barely misses you.
You take 15 damage, and have 12/72 hp.
MASSIVE DAMAGE!!
A red film seems to cover your vision as you go berserk!
You feel yourself moving faster!
You feel mighty!
You now have 19/108 hp.
You closely miss the orc. The orc barely misses you.
Okay, then.
You hit the orc.
The orc is severely wounded.
The orc priest invokes the aid of Beogh against you.
Beogh smites you!
* * * LOW HITPOINT WARNING * * *
You take 9 damage, and have 10/108 hp.
You closely miss the orc.
The orc is severely wounded.
You slash the orc!
You kill the orc!
Trog accepts your kill.
Your chain mail prevents you from hitting the orc priest.
A lemure comes into view.
You barely miss the orc priest.
The orc priest invokes the aid of Beogh against you.
Beogh smites you!
You die...

* * , , , , *
, ## * * ##.##
* * ##...## .
* ##.....##
#.# *
##.......#....
*
#.....).......
, , #....@..#
##.oo)..#
##.o.#.# , *
....##.#,, * *
,,.....,, 5 ,
....... ,##,
....... , *, *
* ..$$#.. , ,
* *


You could see a lemure, 2 orc priests and an orc.

Vanquished Creatures
  A water moccasin (D:5)
  An orc warrior (D:3)
  An ice beast (D:5)
  A sky beast (D:4)
  An ogre (D:4)
  Blork the orc (D:5)
  A water moccasin zombie (Ossuary)
  A scorpion (D:5)
  A howler monkey (D:4)
  6 bullfrog zombies (Ossuary)
  A hound (D:5)
  4 orc wizards (D:3)
  Crazy Yiuf (D:3)
  A merfolk siren (Sewer)
  A merfolk avatar (Sewer)
  3 worker ants
  A killer bee zombie (Ossuary)
  3 hound zombies (Ossuary)
  8 mummies (Ossuary)
  3 worker ant zombies
  6 adders
  7 gnolls
  3 river rats (Sewer)
  A shadow imp (D:5)
  A white imp (D:5)
  An ufetubus (D:5)
  An ooze (D:1)
  5 adder zombies (Ossuary)
  An adder skeleton (D:5)
  A worm (D:3)
  5 dart slugs
  3 leopard geckos
  12 orcs
  7 ball pythons
  3 bats
  8 giant cockroaches
  7 goblins
  4 hobgoblins
  13 jackals
  8 kobolds
  A quokka (D:3)
  11 frilled lizards
  A jackal zombie (Ossuary)
  2 leopard gecko zombies (Ossuary)
  27 rats
180 creatures vanquished.

Vanquished Creatures (others)
  7 withered plants (Ossuary)
7 creatures vanquished.

Grand Total: 187 creatures vanquished

Notes
Turn   | Place    | Note
-------+----------+-------------------------------------------
     0 | D:1      | Irenicus the Deep Dwarf Berserker began the quest for the
                  | Orb.
     0 | D:1      | Reached XP level 1. HP: 20/20 MP: 1/1
    56 | D:1      | Reached skill level 4 in Axes
    56 | D:1      | Reached XP level 2. HP: 24/27 MP: 2/2
   217 | D:1      | Reached XP level 3. HP: 24/33 MP: 3/3
   279 | D:1      | Reached ** piety under Trog
   341 | D:1      | Irenicus: ?? cross
   341 | D:1      | beem: I don't have a page labeled cross in my learndb.
   341 | D:1      | Irenicus: ?? cross training
   341 | D:1      | beem: cross training[1/2]: 40% of the skill points (not
                  | levels!) in any weapon skill is used to boost the
                  | cross-trained skill for free. Short <-> Long Blades, Maces <->
                  | Axes, Axes <-> Polearms, Polearms <-> Staves, Maces <-> Staves,
                  | Slings <-> Throwing
   474 | D:2      | Reached skill level 1 in Maces & Flails
   625 | D:2      | Reached XP level 4. HP: 25/40 MP: 4/4
   693 | D:2      | Reached skill level 2 in Maces & Flails
   758 | D:3      | Reached skill level 5 in Axes
   768 | D:3      | Found a glowing drain.
   788 | Sewer    | Entered a sewer
   817 | Sewer    | Reached *** piety under Trog
   886 | Sewer    | Reached XP level 5. HP: 27/46 MP: 5/5
   960 | Sewer    | Reached skill level 6 in Axes
  1231 | D:4      | Found a glowing silver altar of Zin.
  1241 | D:4      | Reached skill level 7 in Axes
  1241 | D:4      | Reached XP level 6. HP: 41/55 MP: 6/6
  1275 | D:4      | Noticed a sky beast
  1276 | D:4      | Found Upaho's Book Emporium.
  1300 | D:4      | HP: 12/55 [something (2)]
  1301 | D:4      | Killed a sky beast
  1301 | D:4      | Reached skill level 3 in Fighting
  1314 | D:4      | HP: 12/56 [howler monkey (1)]
  1372 | D:4      | Reached skill level 4 in Fighting
  1379 | D:4      | Found a sand-covered staircase.
  1397 | Ossuary  | Entered an ossuary
  1417 | Ossuary  | Reached **** piety under Trog
  1417 | Ossuary  | Reached skill level 1 in Evocations
  1417 | Ossuary  | Reached XP level 7. HP: 26/64 MP: 7/7
  1435 | Ossuary  | Reached skill level 2 in Evocations
  1468 | Ossuary  | Reached skill level 3 in Evocations
  1541 | Ossuary  | Reached skill level 4 in Evocations
  1580 | Ossuary  | Reached skill level 5 in Evocations
  1668 | Ossuary  | HP: 16/64 [hound zombie (1)]
  1670 | Ossuary  | Reached skill level 8 in Axes
  1739 | D:4      | Reached XP level 8. HP: 35/72 MP: 8/8
  1763 | D:5      | Entered Level 5 of the Dungeon
  1865 | D:5      | Found a staircase to the Ecumenical Temple.
  1874 | Temple   | Entered the Ecumenical Temple
  1909 | D:5      | Reached skill level 9 in Axes
  2228 | D:3      | Found a shadowy altar of Dithmenos.
  2248 | D:3      | Reached skill level 10 in Axes
  2369 | D:3      | Found a blossoming altar of Fedhas.
  2492 | D:3      | Found a runed translucent door.
  2493 | D:3      | Noticed Crazy Yiuf
  2501 | D:3      | Killed Crazy Yiuf
  2608 | D:5      | Noticed Blork the orc
  2628 | D:5      | Killed Blork the orc
  2717 | D:6      | HP: 12/72 [orc priest/divine providence (15)]
  2723 | D:6      | Killed from afar by an orc priest

Illustrated notes

Levels and vault maps discovered:
D:1:      zelgadis_glass_arrival_small, layout_basic, minmay_pentomino_s2
D:2:      layout_basic, serial_rivers, chequers_serial_rivers_large_a,
          chequers_serial_rivers_micro_b, chequers_serial_rivers_micro_a,
          chequers_serial_rivers_small_3
D:3:      layout_basic, lemuel_crystal_altar, cheibrodos_sewer_entry_drain,
          fedhas_altar_4, uniq_crazy_yiuf_cottage
D:4:      layout_basic, nicolae_overflow_crystal_walls, serial_shops, shop,
          nicolae_ossuary_entry_monument
D:5:      layout_basic, lemuel_temple_firewalk_b, minmay_misc_feat_rugged,
          serial_bayou_ford_a, uniq_blork_the_orc
D:6:      layout_loops_cross, nicolae_gozag_cash_rules_everything_around_me,
          minmay_ogre_servants, uniq_pikel, uniq_eustachio
Temple:   eino_narrow_crystal_temple

Skill      XL: |  1  2  3  4  5  6  7  8 |
---------------+-------------------------+-----
Axes           | 4 5 7 8 10 | 10.9
Maces & Flails | 1 2 |  2.0
Fighting       | 4 |  4.1
Evocations     | 1 5 |  5.3
Armour         | |  2.1
Dodging        | |  2.1

Action                   |  1- 3 |  4- 6 |  7- 9 || total
-------------------------+-------+-------+-------++-------
Melee: Hand axe          |    29 |       |       ||    29
       Mace              |    58 |   169 |       ||   227
       Whip              |       |    17 |       ||    17
       War axe           |       |    14 |   249 ||   263
Invok: Berserk           |     1 |     1 |     6 ||     8
       Trog's Hand       |       |     3 |     7 ||    10
Evoke: Wand              |       |     2 |     5 ||     7
  Use: Potion            |       |     2 |       ||     2
       Scroll            |       |     1 |       ||     1
Armor: Chain mail        |    52 |   109 |   120 ||   281
Dodge: Dodged            |    28 |    79 |    90 ||   197

Table legend: (Time is in decaauts)
 A = Elapsed time spent in this place.
 B = Non-inter-level travel time spent in this place.
 C = Inter-level travel time spent in this place.
 D = Time resting spent in this place.
 E = Time spent auto-exploring this place.
 F = Levels seen in this place.
 G = Mean time per level.
                   A        B        C        D        E       F      G
               +--------+--------+--------+--------+--------+-----+--------+
         Total |   2906 |   2906 |      0 |      0 |      0 |   9 |  322.9 |
       Dungeon |   2248 |   2248 |      0 |      0 |      0 |   6 |  374.7 |
        Temple |      1 |      1 |      0 |      0 |      0 |   1 |    1.0 |
         Sewer |    338 |    338 |      0 |      0 |      0 |   1 |  338.0 |
       Ossuary |    318 |    318 |      0 |      0 |      0 |   1 |  318.0 |
               +--------+--------+--------+--------+--------+-----+--------+

Top non-repeatable levels by time:
     D:3: 575 daAuts
     D:1: 483 daAuts
     D:4: 455 daAuts
     D:5: 449 daAuts
   Sewer: 338 daAuts
 Ossuary: 318 daAuts
     D:2: 278 daAuts
     D:6: 5 daAuts
  Temple: 1 daAuts

Table legend:
 A = Kills in this place as a percentage of kills in entire the game.
 B = Kills by you in this place as a percentage of kills by you in the entire game.
 C = Kills by friends in this place as a percentage of kills by friends in the entire game.
 D = Other kills in this place as a percentage of other kills in the entire game.
 E = Experience gained in this place as a percentage of experience gained in the entire game.
 F = Experience gained in this place divided by the number of levels of this place that you have seen.
                   A       B       C       D       E      F
               +-------+-------+-------+-------+-------+----------------------
         Total | 100.0 | 100.0 |   N/A |   N/A | 100.0 | 274.1
       Dungeon |  63.3 |  63.3 |   N/A |   N/A |  65.1 | 267.7
         Sewer |  20.6 |  20.6 |   N/A |   N/A |   6.7 | 165.0
       Ossuary |  16.1 |  16.1 |   N/A |   N/A |  28.2 | 696.0
               +-------+-------+-------+-------+-------+----------------------
